 Dungeon Crawl Stone Soup version 0.30-a0-1008-g30c9307041 (webtiles) character file.

Game seed: 6225902654205136889

1286 jimonade the Thaumaturge (level 8, -18/46 (58) HPs)
             Began as a Gnoll Hedge Wizard on Apr 6, 2023.
             Was an Initiate of Vehumet.
             Demolished by a red ugly thing (19 damage)
             ... on level 6 of the Dungeon.
             The game lasted 00:25:48 (6595 turns).

jimonade the Thaumaturge (Gnoll Hedge Wizard)       Turns: 6595, Time: 00:25:48

HP:   -18/46 (58)   AC: 11    Str: 10    XL:     8   Next: 55%
MP:   19/20         EV: 13    Int: 13    God:    Vehumet [......]
Gold: 333           SH:  0    Dex: 12    Spells: 14/23 levels left

rFire   . . .      SeeInvis .    b - +2 dagger (elec)
rCold   . . .      Faith    .    (no shield)
rNeg    . . .      Spirit   .    y - +1 leather armour
rPois   +          Reflect  .    x - +2 helmet
rElec   +          Rampage  .    (no cloak)
rCorr   .                        (no gloves)
Will    .....                    (no boots)
Stlth   ++++                     (no amulet)
HPRegen 0.27/turn                h - ring "Ebairih" {rElec rPois AC+4 Str-2 Stlth+}
MPRegen 0.17/turn                I - +4 ring of slaying

@: heavily drained
A: fangs 1, strong nose, distributed training
a: Renounce Religion


You were on level 6 of the Dungeon.
You worshipped Vehumet.
Vehumet was noncommittal.
You visited 2 branches of the dungeon, and saw 7 of its levels.
You also visited: Sewer.

You collected 333 gold pieces.

Inventory:

Hand Weapons
 a - a +6 short sword of protection
 b - a +2 dagger of electrocution (weapon)
 e - a +1 dagger of holy wrath
 j - a +0 dagger
 q - a +0 hand axe
 u - a +0 spear
 w - a +0 quarterstaff
 D - a +2 dagger of draining
 K - a +0 dagger of electrocution
 M - a +0 rapier
Missiles
 L - 4 poisoned darts
Armour
 g - a +0 robe
 x - a +2 helmet (worn)
 y - a +1 leather armour (worn)
 E - +0 shadow dragon scales
Magical Staves
 c - a staff of poison
Jewellery
 f - a +6 ring of intelligence
 h - the ring "Ebairih" (left hand) {rElec rPois AC+4 Str-2 Stlth+}
   (You acquired it on level 6 of the Dungeon)

   [ring of protection]

   AC:        It affects your AC (+4).
   Str:       It affects your strength (-2).
   rElec:     It insulates you from electricity.
   rPois:     It protects you from poison.
   Stlth:     It makes you more stealthy.
 F - a ring of see invisible
 I - a +4 ring of slaying (right hand)
 N - an amulet of faith
 O - a ring of protection from fire
Scrolls
 i - 2 scrolls of enchant weapon
 k - a scroll of fear
 m - 2 scrolls of immolation
 r - a scroll of vulnerability
 s - 2 scrolls of summoning
 t - a scroll of acquirement
 v - a scroll of enchant armour
 z - 3 scrolls of teleportation
 C - a scroll of poison
Potions
 d - a potion of magic
 l - a potion of attraction
 n - 4 potions of curing
 o - 3 potions of mutation
 p - a potion of might {unknown}
 A - a potion of haste
 B - 2 potions of brilliance {unknown}
 H - a potion of heal wounds


   Skills:
 + Level 3.5 Fighting
 + Level 3.5 Short Blades
 + Level 3.5 Long Blades
 + Level 3.5 Axes
 + Level 3.5 Maces & Flails
 + Level 3.5 Polearms
 + Level 3.5 Staves
 + Level 3.5 Ranged Weapons
 + Level 3.5 Throwing
 + Level 3.5 Armour
 + Level 5.8 Dodging
 + Level 5.5 Stealth
 + Level 3.5 Shields
 + Level 3.5 Unarmed Combat
 + Level 8.0 Spellcasting
 + Level 3.6 Conjurations
 + Level 2.9 Hexes
 + Level 3.6 Summonings
 + Level 2.9 Necromancy
 + Level 3.6 Translocations
 + Level 2.9 Transmutations
 + Level 2.9 Fire Magic
 + Level 2.9 Ice Magic
 + Level 2.9 Air Magic
 + Level 2.9 Earth Magic
 + Level 2.9 Poison Magic
 + Level 3.9 Invocations
 + Level 3.5 Evocations


You had 14 spell levels left.
You knew the following spells:

 Your Spells              Type           Power      Damage    Failure   Level
a - Magic Dart            Conj           56%        1d5       4%          1
b - Blink                 Tloc           28%        N/A       6%          2
c - Call Imp              Summ           14%        N/A       6%          2
d - Scorch                Fire           24%        2d6       9%          2
e - Cigotuvi's Dreadful   Necr/Pois/Air  24%        N/A       9%          2

Your spell library contained the following spells:

 Spells                   Type           Power      Damage    Failure   Level
 Slow                     Hex            48%        N/A       5%          1
 Mephitic Cloud           Conj/Pois/Air  13%        N/A       14%         3
 Flame Wave               Conj/Fire      13%        2d6       43%         4
 Summon Cactus Giant      Summ           7%         N/A       99%         6
 Borgnjor's Revivificati  Necr           6%         N/A       100%        8
 Necromutation            Tmut/Necr      6%         N/A       100%        8
 Death's Door             Necr           6%         N/A       100%        9


Dungeon Overview and Level Annotations

Branches:
Dungeon (6/15)             Temple (1/1) D:5           Sewer (visited)

Altars:
Ashenzari
Cheibriados
Dithmenos
Fedhas
Gozag
Hepliaklqana
Kikubaaqudgha
Makhleb
Nemelex Xobeh
Okawaru
Ru
Sif Muna
Trog
Vehumet
Wu Jian
Xom
Yredelemnul
Zin
The Shining One

Annotations:
D:2 1 runed translucent door, Crazy Yiuf


Innate Abilities, Weirdness & Mutations

You have very sharp teeth.
Your uncanny sense of smell can sniff out nearby items.
Your experience applies equally to all skills.


Message History

A part of your flesh rots into a cloud of miasma!
You feel drained.
Unknown command.
Press: ? - help, v - describe, . - travel
Here: a red ugly thing The floor.
Unknown command.
Your +6 short sword of protection goes still.
You hear the crackle of electricity.
b - a +2 dagger of electrocution (weapon)
You hit the red ugly thing.
The red ugly thing is lightly wounded.
The red ugly thing tentacle-slaps you but does no damage.
You hit the red ugly thing.
The red ugly thing is lightly wounded.
The red ugly thing tentacle-slaps you.
You are engulfed in flames!!
You closely miss the red ugly thing.
The red ugly thing is lightly wounded.
The red ugly thing closely misses you.
You barely miss the red ugly thing. Your punch misses the red ugly thing.
The red ugly thing is lightly wounded.
You hit the red ugly thing.
The red ugly thing is lightly wounded.
The red ugly thing tentacle-slaps you.
You are engulfed in flames!
* * * LOW HITPOINT WARNING * * *
You hit the red ugly thing.
Lightning courses through the red ugly thing!
You bite the red ugly thing.
The red ugly thing is moderately wounded.
The red ugly thing barely misses you.
You barely miss the red ugly thing.
You bite the red ugly thing, but do no damage.
The red ugly thing is moderately wounded.
The red ugly thing tentacle-slaps you but does no damage.
You hit the red ugly thing.
The red ugly thing is heavily wounded.
The red ugly thing tentacle-slaps you.
* * * LOW HITPOINT WARNING * * *
You are engulfed in flames!!
You die...

#.................>......<...
#.......u.....................
#...........####..............
#...........#
#............>...
#...........#
#.........$......
#...........##
###..<...##..... . .. ...
##.##.#### #..# #
.#.##.###........###..###
......?.@................
#.....u#........###...##
#......#................
#.........#########.....
#......#### #...... #......#
#...... #)###### #...... #.
#...... .∆ #......


You could see a red ugly thing.

Vanquished Creatures
  Menkaure (D:6)
  Pargi (Sewer)
  A sky beast (D:5)
  A black bear (D:5)
  2 ogres (D:5)
  A centaur (D:5)
  A phantom (D:5)
  A howler monkey (D:5)
  5 iguanas
  Terence (D:3)
  6 orc wizards
  Natasha (D:3)
  Robin (D:2)
  4 adders
  An ufetubus (D:5)
  4 worms
  2 dart slugs (D:2)
  11 orcs
  9 ball pythons
  10 bats
  5 endoplasms
  17 giant cockroaches
  16 goblins
  8 hobgoblins
  6 jackals
  7 kobolds
  3 quokkas
  2 frilled lizards
  3 rats (D:2)
131 creatures vanquished.

Vanquished Creatures (collateral kills)
  4 orcs
  A kobold (D:3)
5 creatures vanquished.

Grand Total: 136 creatures vanquished

Notes
Turn   | Place    | Note
-------+----------+-------------------------------------------
     0 | D:1      | jimonade the Gnoll Hedge Wizard began the quest for the
                  | Orb.
     0 | D:1      | Reached XP level 1. HP: 13/13 MP: 8/8
   382 | D:1      | Reached XP level 2. HP: 19/19 MP: 6/10
  1098 | D:1      | Reached XP level 3. HP: 23/25 MP: 6/11
  1250 | D:2      | Noticed Robin
  1326 | D:1      | Learned a level 2 spell: Blink
  1329 | D:1      | Learned a level 2 spell: Call Imp
  1370 | D:2      | Reached skill level 1 in Invocations
  1771 | D:2      | Reached skill level 1 in Fighting
  1771 | D:2      | Reached skill level 1 in Short Blades
  1771 | D:2      | Reached skill level 1 in Long Blades
  1771 | D:2      | Reached skill level 1 in Axes
  1771 | D:2      | Reached skill level 1 in Maces & Flails
  1771 | D:2      | Reached skill level 1 in Polearms
  1771 | D:2      | Reached skill level 1 in Staves
  1771 | D:2      | Reached skill level 1 in Ranged Weapons
  1771 | D:2      | Reached skill level 1 in Throwing
  1771 | D:2      | Reached skill level 1 in Armour
  1771 | D:2      | Reached skill level 1 in Shields
  1771 | D:2      | Reached skill level 1 in Unarmed Combat
  1771 | D:2      | Reached skill level 1 in Evocations
  2006 | D:2      | Reached XP level 4. HP: 28/32 MP: 13/13
  2142 | D:2      | Killed Robin
  2405 | D:2      | Found a runed translucent door.
  2406 | D:2      | Noticed Crazy Yiuf
  2438 | D:2      | Reached skill level 1 in Hexes
  2438 | D:2      | Reached skill level 1 in Necromancy
  2438 | D:2      | Reached skill level 1 in Transmutations
  2438 | D:2      | Reached skill level 1 in Fire Magic
  2438 | D:2      | Reached skill level 1 in Ice Magic
  2438 | D:2      | Reached skill level 1 in Air Magic
  2438 | D:2      | Reached skill level 1 in Earth Magic
  2438 | D:2      | Reached skill level 1 in Poison Magic
  2764 | D:3      | Found a radiant altar of Vehumet.
  2785 | D:3      | Reached XP level 5. HP: 16/37 MP: 14/14
  2889 | D:3      | Found an ancient bone altar of Kikubaaqudgha.
  2909 | D:3      | Found a shimmering blue altar of Sif Muna.
  3164 | D:3      | Noticed Natasha
  3404 | D:3      | Killed Natasha
  3405 | D:3      | Reached XP level 6. HP: 37/42 MP: 16/16
  3458 | D:3      | Noticed Terence
  3462 | D:3      | Reached skill level 5 in Dodging
  3480 | D:3      | Killed Terence
  4064 | D:4      | Found a hazy altar of Hepliaklqana.
  4465 | D:4      | Found a glowing drain.
  4476 | Sewer    | Entered a sewer
  4512 | Sewer    | Noticed Pargi
  4530 | Sewer    | Killed Pargi
  4531 | Sewer    | Reached XP level 7. HP: 44/51 MP: 18/18
  4842 | D:5      | Entered Level 5 of the Dungeon
  4857 | D:5      | Found a burning altar of Makhleb.
  5025 | D:5      | Reached skill level 5 in Stealth
  5228 | D:5      | Found a staircase to the Ecumenical Temple.
  5238 | Temple   | Entered the Ecumenical Temple
  5448 | D:3      | Became a worshipper of Vehumet
  5971 | D:5      | Reached XP level 8. HP: 58/58 MP: 17/19
  6123 | D:6      | Identified a scroll of acquirement
  6123 | D:6      | Acquired the ring "Ebairih" {rElec rPois AC+4 Str-2 Stlth+}
  6127 | D:6      | Noticed Menkaure
  6297 | D:6      | Noticed a red ugly thing
  6298 | D:6      | Killed Menkaure
  6309 | D:5      | Reached skill level 8 in Spellcasting
  6543 | D:6      | Learned a level 2 spell: Scorch
  6546 | D:6      | Learned a level 2 spell: Cigotuvi's Dreadful Rot
  6595 | D:6      | HP: 1/46 [red ugly thing (5)]
  6595 | D:6      | Demolished by a red ugly thing

Illustrated notes

Levels and vault maps discovered:
D:1:      lightli_arrival_lavapool, layout_loops_corners
D:2:      layout_loops_ring, nrook_mini_vaults, reono_crystal_passage,
          uniq_crazy_yiuf_cottage, uniq_robin
D:3:      minmay_roachtagon, layout_basic, palyth_temple_overflow_mages,
          kennysheep_nondescript, uniq_natasha, uniq_terence
D:4:      layout_basic, lemuel_tele_altar, cheibrodos_sewer_entry_bend
D:5:      layout_basic, mainiacjoe_overflow_paths,
          minmay_temple_entry_statues_fountains
D:6:      layout_rooms, nicolae_uskayaw_dance_studio, uniq_menkaure, uniq_maggie
Temple:   nicolae_temple_two_arcs

Skill      XL: |  1  2  3  4  5  6  7  8 |
---------------+-------------------------+-----
Conjurations   | 2 3 |  3.6
Summonings     | 2 3 |  3.6
Translocations | 2 3 |  3.6
Invocations    | 1 2 3 |  3.9
Fighting       | 1 2 3 |  3.5
Short Blades   | 1 2 3 |  3.5
Long Blades    | 1 2 3 |  3.5
Axes           | 1 2 3 |  3.5
Maces & Flails | 1 2 3 |  3.5
Polearms       | 1 2 3 |  3.5
Staves         | 1 2 3 |  3.5
Ranged Weapons | 1 2 3 |  3.5
Throwing       | 1 2 3 |  3.5
Armour         | 1 2 3 |  3.5
Shields        | 1 2 3 |  3.5
Unarmed Combat | 1 2 3 |  3.5
Evocations     | 1 2 3 |  3.5
Hexes          | 1 2 |  2.9
Necromancy     | 1 2 |  2.9
Transmutations | 1 2 |  2.9
Fire Magic     | 1 2 |  2.9
Ice Magic      | 1 2 |  2.9
Air Magic      | 1 2 |  2.9
Earth Magic    | 1 2 |  2.9
Poison Magic   | 1 2 |  2.9
Dodging        | 5 |  5.8
Stealth        | 5 |  5.5
Spellcasting   | 8 |  8.0

Action                     |  1- 3 |  4- 6 |  7- 9 || total
---------------------------+-------+-------+-------++-------
  Melee: Dagger            |     7 |     7 |    72 ||    86
         Bite              |     3 |    18 |    14 ||    35
         Spear             |     8 |       |       ||     8
         Quarterstaff      |    35 |    11 |       ||    46
         Short sword       |       |   203 |    15 ||   218
         Punch             |       |     5 |     2 ||     7
  Throw: Dart              |       |     4 |       ||     4
         Javelin           |       |     1 |       ||     1
   Cast: Magic Dart        |    75 |    10 |       ||    85
         Call Imp          |       |     4 |     3 ||     7
         Cigotuvi's Dreadf |       |       |     2 ||     2
    Use: Scroll            |       |    13 |     4 ||    17
   Stab: Sleeping          |     1 |     6 |     2 ||     9
 Armour: Robe              |    14 |     4 |       ||    18
         Leather armour    |       |    71 |    24 ||    95
  Dodge: Dodged            |    54 |   111 |    75 ||   240

Table legend: (Time is in decaauts)
 A = Elapsed time spent in this place.
 B = Non-inter-level travel time spent in this place.
 C = Inter-level travel time spent in this place.
 D = Time resting spent in this place.
 E = Time spent auto-exploring this place.
 F = Levels seen in this place.
 G = Mean time per level.
                   A        B        C        D        E       F      G
               +--------+--------+--------+--------+--------+-----+--------+
         Total |   6593 |   6151 |    442 |    819 |   3084 |   8 |  824.1 |
       Dungeon |   6375 |   5940 |    435 |    819 |   2980 |   6 | 1062.5 |
        Temple |    117 |    110 |      7 |      0 |    104 |   1 |  117.0 |
         Sewer |     99 |     99 |      0 |      0 |      0 |   1 |   99.0 |
               +--------+--------+--------+--------+--------+-----+--------+

Top non-repeatable levels by time:
     D:3: 1575 daAuts
     D:1: 1409 daAuts
     D:5: 1327 daAuts
     D:2: 1218 daAuts
     D:4: 695 daAuts
     D:6: 150 daAuts
  Temple: 117 daAuts
   Sewer: 99 daAuts
